 Dungeon Crawl Stone Soup version 0.20.0-15-g7f486f2 (webtiles) character file.

2104 greprep the Grappler (level 9, -2/73 HPs)
             Began as a Ghoul Monk on June 26, 2017.
             Slain by an orc warrior
             ... wielding a +0 long sword
              (15 damage)
             ... on level 5 of the Dungeon.
             The game lasted 00:12:29 (6494 turns).

greprep the Grappler (Ghoul Monk)                   Turns: 6494, Time: 00:12:30

Health: -2/73      AC:  2    Str: 18    XL:     9   Next: 28%
Magic:  0/8        EV: 14    Int:  5    God:
Gold:   261        SH:  0    Dex: 11    Spells: 8/8 levels left

rFire    . . .     SeeInvis .     - Unarmed
rCold    + . .     Gourm    .   (no shield)
rNeg     + + +     Faith    .   a - +0 robe
rPois    ∞         Spirit   +   (no helmet)
rElec    .         Reflect  .   (no cloak)
rCorr    .         Harm     .   (no gloves)
MR       .....                  (no boots)
Stlth    ++........             j - amulet of guardian spirit
Regen    0.0/turn               (no ring)
MPRegen  0.2/turn               (no ring)

@: rotting
A: rotting body, claws 1, carnivore 3, cold resistance 1, negative energy
resistance 3, inhibited regeneration, torment resistance, unbreathing
a: no special abilities


You were on level 5 of the Dungeon.
You were not hungry.

You visited 1 branch of the dungeon, and saw 6 of its levels.
You also visited: Sewer.

You collected 261 gold pieces.

Inventory:

Armour
 a - a +0 robe (worn)
Jewellery
 j - an amulet of guardian spirit (around neck)
 m - an uncursed ring of wizardry {unknown}
Scrolls
 c - 3 scrolls of recharging
 e - a scroll of enchant weapon {unknown}
 g - 3 scrolls of teleportation {unknown}
 h - a scroll of vulnerability {unknown}
 l - a scroll of immolation {unknown}
 n - a scroll of magic mapping {unknown}
 q - 5 scrolls of remove curse {unknown}
 s - 4 scrolls of enchant armour {unknown}
 t - a scroll of noise {unknown}
 u - a scroll of amnesia {unknown}
 v - a scroll of acquirement {unknown}
Potions
 f - a potion of agility
 k - a potion of brilliance {unknown}
 o - 2 potions of flight {unknown}
 p - 4 potions of curing {unknown}
 r - a potion of invisibility {unknown}
 w - a potion of heal wounds {unknown}
 x - a potion of magic {unknown}
 z - a potion of ambrosia {unknown}
Books
 i - a book of Misfortune

   Spells                             Type                      Level
   a - Confusing Touch                Hexes                        1
   b - Confuse                        Hexes                        3
   c - Gell's Gravitas                Translocation                3
   d - Petrify                        Transmutation/Earth          4
   e - Metabolic Englaciation         Hexes/Ice                    5
   f - Yara's Violent Unravelling     Hexes/Transmutation          5
Comestibles
 b - 2 meat rations
 d - 3 royal jellies


   Skills:
 + Level 4.8 Fighting
 + Level 5.3 Dodging
 - Level 2.1 Stealth
 * Level 11.6 Unarmed Combat


You had 8 spell levels left.
You didn't know any spells.

Dungeon Overview and Level Annotations

Branches:
Dungeon (6/15)
 Temple: D:4-7

Altars:
Ashenzari
Cheibriados
Dithmenos
Elyvilon


Innate Abilities, Weirdness & Mutations

Your body is rotting away.
You thrive on raw meat.
You are immune to poison.
You have sharp fingernails.
You are carnivorous and can eat meat at any time.
Your flesh is cold resistant. (rC+)
You are immune to negative energy. (rN+++)
You do not regenerate when monsters are visible.
You are immune to unholy pain and torment.
You can survive without breathing.


Message History

The orc warrior hits you with a long sword!!
You are too injured to fight recklessly!
You are too injured to fight recklessly!
Unknown command.
You claw the orc!
You kill the orc!
The orc throws a tomahawk.
The tomahawk closely misses you.
The orc warrior hits you with a long sword!
* * * LOW HITPOINT WARNING * * *
Unknown command.
The orc throws a tomahawk.
The tomahawk completely misses you.
You climb upwards.
There is a stone staircase leading down here.
You claw the orc warrior!
The orc warrior is heavily wounded.
The orc warrior closely misses you.
You claw the orc warrior!
The orc warrior is almost dead.
The orc warrior hits you with a long sword!
You die...

.P.......♣..♣.PP###.#
........P♣P#PP)..♣#.##
.♣.......PP##.).(.#..# ######
♣........P####♣♣P.P..#######.....
.......♣♣.#.####♣.........##.....
♣♣.P..♣.PP#....###...##.......#..
P.P♣P.P.###...>..##.....###...#.#
..PP.P♣## #.>....o.#.#..# #......
##P..P♣####.....@.###...###..##.#
##P..##..........)#.##......##..
#PP.#..###.......<.####.##.####
##P.#.## #...).....####.##.....
##♣#.# ##.##.##..##(.))....##
#.#.# #.##.........(###.### #...#
#.#####.............. ##### #.#
#......((...... #.#
#####.#####.##.


You could see an orc warrior.

Vanquished Creatures
  The ghost of Terandir the Chopper, an amateur MiFi (D:5)
  Grinder (D:4)
  Duvessa (D:4)
  An ice beast (D:5)
  A sky beast (D:6)
  2 phantoms (D:4)
  2 ogres (D:5)
  Blork the orc (D:5)
  4 big kobolds
  Dowan (D:4)
  A water moccasin skeleton (D:5)
  A howler monkey (D:5)
  A crimson imp (D:5)
  A centaur zombie (D:5)
  3 orc wizards
  A hound (D:5)
  3 orc priests
  Jessica (D:3)
  A worker ant (D:5)
  7 adders
  4 gnolls (D:4)
  2 river rats (Sewer)
  8 oozes
  2 adder skeletons (D:4)
  8 worms
  5 leopard geckos
  19 orcs
  4 bats
  3 giant cockroaches
  6 goblins
  5 hobgoblins
  30 kobolds
  7 ball pythons
  6 frilled lizards
  A jackal zombie (D:5)
  2 leopard gecko skeletons
  A quokka zombie (D:5)
  10 rats
  6 plants (D:5)
164 creatures vanquished.

Vanquished Creatures (others)
  A worker ant zombie (D:5)
1 creature vanquished.

Grand Total: 165 creatures vanquished

Notes
Turn   | Place    | Note
-------+----------+-------------------------------------------
     0 | D:1      | greprep the Ghoul Monk began the quest for the Orb.
     0 | D:1      | Reached XP level 1. HP: 19/19 MP: 0/0
    67 | D:1      | Reached XP level 2. HP: 9/26 MP: 1/1
   609 | D:1      | Reached XP level 3. HP: 32/32 MP: 2/2
  1196 | D:2      | Reached skill level 4 in Unarmed Combat
  1411 | D:2      | Found a shadowy altar of Dithmenos.
  1412 | D:2      | Found a snail-covered altar of Cheibriados.
  1414 | D:2      | Found a shattered altar of Ashenzari.
  1801 | D:3      | Reached XP level 4. HP: 28/39 MP: 1/3
  1813 | D:3      | Noticed Jessica
  1817 | D:3      | Killed Jessica
  1845 | D:3      | Found a glowing drain.
  1856 | Sewer    | Entered a sewer
  2197 | Sewer    | Reached skill level 5 in Unarmed Combat
  2443 | Sewer    | Noticed a big kobold
  2456 | Sewer    | Killed a big kobold
  2456 | Sewer    | Reached XP level 5. HP: 22/45 MP: 0/4
  2958 | Sewer    | Reached XP level 6. HP: 44/52 MP: 3/5
  2993 | Sewer    | Reached skill level 6 in Unarmed Combat
  3623 | D:3      | Reached XP level 7. HP: 50/60 MP: 4/6
  3906 | D:4      | Noticed Dowan
  3909 | D:4      | Noticed Duvessa
  3918 | D:4      | Killed Duvessa
  3918 | D:4      | Reached skill level 7 in Unarmed Combat
  3930 | D:4      | Killed Dowan
  4313 | D:4      | Reached skill level 8 in Unarmed Combat
  4335 | D:4      | Noticed Grinder
  4343 | D:4      | Killed Grinder
  4343 | D:4      | Reached skill level 9 in Unarmed Combat
  4343 | D:4      | Reached XP level 8. HP: 50/67 MP: 5/7
  4652 | D:5      | Entered Level 5 of the Dungeon
  4676 | D:5      | Noticed Blork the orc
  4687 | D:5      | Killed Blork the orc
  4750 | D:5      | Found a white marble altar of Elyvilon.
  4888 | D:5      | Reached skill level 10 in Unarmed Combat
  5042 | D:5      | Reached skill level 5 in Dodging
  5173 | D:5      | Noticed Terandir's ghost (amateur MiFi)
  5188 | D:5      | Killed Terandir's ghost
  5188 | D:5      | Reached XP level 9. HP: 11/69 MP: 1/8
  5302 | D:5      | Reached skill level 11 in Unarmed Combat
  6494 | D:5      | Slain by an orc warrior

Skill      XL: |  1  2  3  4  5  6  7  8  9 |
---------------+----------------------------+-----
Dodging        | 3 4 5 |  5.3
Unarmed Combat | 4 5 6 9 10 11 | 11.6
Fighting       | 4 |  4.8
Stealth        | |  2.1

Action                   |  1- 3 |  4- 6 |  7- 9 || total
-------------------------+-------+-------+-------++-------
Melee: Unarmed           |   124 |   165 |   325 ||   614
       Punch             |       |     2 |    17 ||    19
  Use: Scroll            |       |     3 |       ||     3
       Potion            |       |       |     4 ||     4
 Stab: Sleeping          |     4 |     1 |     3 ||     8
       Distracted        |       |       |     2 ||     2
  Eat: Chunk             |    16 |    18 |    22 ||    56
Armor: Robe              |    21 |    19 |    10 ||    50
Dodge: Dodged            |    70 |   133 |   133 ||   336
